 Dungeon Crawl Stone Soup version 0.28.0-49-g6dfe1f597d (webtiles) character file.

Game seed: 6445711079535488824

44 nickcage the Poker (level 3, 0/29 HPs)
             Began as a Merfolk Monk on May 17, 2022.
             Succumbed to a goblin's poison
             ... on level 2 of the Dungeon.
             The game lasted 00:02:20 (1516 turns).

nickcage the Poker (Merfolk Monk)                   Turns: 1516, Time: 00:02:21

Health: 0/29       AC:  3    Str: 13    XL:     3   Next: 62%
Magic:  3/3        EV: 13    Int:  9    God:
Gold:   64         SH:  0    Dex: 16    Spells: 2/2 levels left

rFire   . . .      SeeInvis .   a - +0 spear
rCold   . . .      Faith    .   (no shield)
rNeg    . . .      Spirit   .   i - +0 leather armour
rPois   .          Reflect  .   (no helmet)
rElec   .          Harm     .   e - scarf {shadows}
rCorr   .          Rampage  .   (no gloves)
Will    .....                   (no boots)
Stlth   ++........              (no amulet)
HPRegen 0.09/turn               (no ring)
MPRegen 0.08/turn               (no ring)

@: lethally poisoned (0 -> -6)
A: (nimble swimmer 2), mertail
a: no special abilities


You were on level 2 of the Dungeon.
You visited 1 branch of the dungeon, and saw 2 of its levels.

You collected 64 gold pieces.

Inventory:

Hand Weapons
 a - a +0 spear (weapon)
Armour
 b - a +0 robe
 e - a scarf of shadows (worn)
 i - a +0 leather armour (worn)
Jewellery
 d - a ring of resist corrosion
Scrolls
 c - a scroll of torment {unknown}
 f - 2 scrolls of identify {unknown}
 g - a scroll of magic mapping {unknown}
 j - a scroll of teleportation {unknown}
Potions
 h - a potion of berserk rage {unknown}


   Skills:
 - Level 3.2 Fighting
 + Level 6.6 Polearms
 - Level 4.0 Dodging
 - Level 2.1 Stealth


You had 2 spell levels left.
You didn't know any spells.
Your spell library contained the following spells:

 Spells                   Type           Power      Damage    Failure   Level
 Gell's Gravitas          Tloc           0%         N/A       83%         3
 Teleport Other           Tloc           0%         N/A       83%         3
 Dispersal                Tloc           0%         N/A       100%        6


Dungeon Overview and Level Annotations

Branches:
Dungeon (2/15)

Altars:


Innate Abilities, Weirdness & Mutations

((You are very nimble when in or above water. (Stealth+, EV+, Speed+++)))
Your lower body shifts to a powerful aquatic tail in water.


Message History

The goblin closely misses you.
You barely miss the ball python.
The ball python is severely wounded.
The ball python closely misses you. The ball python constricts you.
The goblin hits you with a +1 dagger of venom.
You barely miss the ball python.
The ball python is severely wounded.
The ball python bites you. The ball python constricts you.
The goblin barely misses you.
You barely miss the ball python.
The ball python is moderately wounded.
The ball python bites you but does no damage.
The ball python constricts you.
You closely miss the ball python.
The ball python is moderately wounded.
The goblin hits you with a +1 dagger of venom.
You are poisoned.
The ball python barely misses you. The ball python constricts you.
You hit the ball python.
You kill the ball python!
You feel sick.
The goblin hits you with a +1 dagger of venom.
You are lethally poisoned!
You are too injured to fight recklessly!
You feel very sick.
* * * LOW HITPOINT WARNING * * *
You feel very sick.
* * * LOW HITPOINT WARNING * * *
You feel sick.
You closely miss the goblin.
* * * LOW HITPOINT WARNING * * *
You feel sick. The goblin misses you.
You hit the goblin but do no damage.
* * * LOW HITPOINT WARNING * * *
You feel sick.
You hit the goblin.
You kill the goblin!
* * * LOW HITPOINT WARNING * * *
You feel sick.
You die...

######## .......#
..####.###########
..####...[.......#
.......#########.#
..####.# #.# #.#
#.# #.# #.# #.#
#.# ..# #.# #@#
.## #.# #.######
.# #.# #....... .#
#.†.###.. .# #...#
.# ....# .# ##.#..
## #. #.. #. ..


There were no monsters in sight!

Vanquished Creatures
  An adder (D:2)
  3 endoplasms (D:1)
  2 giant cockroaches (D:1)
  5 goblins
  6 hobgoblins
  2 jackals (D:1)
  2 quokkas
  2 ball pythons
  4 bats
  2 frilled lizards
  A kobold (D:1)
  3 rats (D:1)
33 creatures vanquished.

Notes
Turn   | Place    | Note
-------+----------+-------------------------------------------
     0 | D:1      | nickcage the Merfolk Monk began the quest for the Orb.
     0 | D:1      | Reached XP level 1. HP: 18/18 MP: 1/1
   122 | D:1      | Reached skill level 5 in Polearms
   124 | D:1      | Reached XP level 2. HP: 24/24 MP: 2/2
   855 | D:1      | Reached skill level 6 in Polearms
   855 | D:1      | Reached XP level 3. HP: 29/29 MP: 3/3
  1515 | D:2      | HP: 1/29 [poisoned by a goblin]
  1516 | D:2      | Succumbed to a goblin's poison

Illustrated notes

Levels and vault maps discovered:
D:1:      ncdulo_wetmaze, layout_basic, minivault_23
D:2:      layout_loops_ring, minmay_between

Skill      XL: |  1  2 |
---------------+-------+-----
Polearms       | 5 6 |  6.6
Fighting       | |  3.2
Dodging        | |  4.0
Stealth        | |  2.1

Action                   || total
-------------------------++-------
Melee: Spear             ||   116
       Punch             ||     1
 Stab: Sleeping          ||     9
Armor: Robe              ||    12
       Leather armour    ||     2
Dodge: Dodged            ||    54
